 Dungeon Crawl Stone Soup version 0.31.0-12-g77e489cdc1 (webtiles) character file.

Game seed: 2644642966818099293

1006 lonewolfV2 the Chopper (level 8, -2/65 HPs)
             Began as a Formicid Fighter on Feb 15, 2024.
             Slain by an orc warrior
             ... wielding a +0 halberd
              (10 damage)
             ... on level 6 of the Dungeon.
             The game lasted 00:08:19 (6115 turns).

lonewolfV2 the Chopper (Formicid Fighter)           Turns: 6115, Time: 00:08:19

Health: -2/65      AC: 11    Str: 20    XL:     8   Next: 44%
Magic:  8/8        EV:  9    Int:  9    God:
Gold:   303        SH:  6    Dex: 15    Spells: 7/7 levels left

rFire   . . .        a - +1 war axe
rCold   . . .        c - +1 buckler
rNeg    . . .        b - +0 scale mail
rPois   .            (helmet unavailable)
rElec   .            v - +0 cloak
rCorr   .            m - +2 pair of gloves
SInv    +            (no boots)
Will    .....        (no amulet) Stlth
                     (no ring)
HPRegen 0.30/turn    (no ring)
MPRegen 0.11/turn

%: no passive effects
@: no status effects
A: permanent stasis, dig shafts and tunnels, antennae 3, four strong arms
a: Dig, Shaft Self


You were on level 6 of the Dungeon.
You visited 2 branches of the dungeon, and saw 7 of its levels.

You collected 303 gold pieces.

Inventory:

Hand Weapons
 a - a +1 war axe (weapon)
Armour
 b - a +0 scale mail (worn)
 c - a +1 buckler (worn)
 m - a +2 pair of gloves (worn)
 v - a +0 cloak (worn)
Jewellery
 i - a ring of ice
 n - a ring of wizardry
Wands
 d - a wand of flame (17)
Scrolls
 g - a scroll of blinking {unknown}
 p - 5 scrolls of immolation
 u - a scroll of identify
Potions
 e - 2 potions of curing
 f - 3 potions of cancellation
 h - 2 potions of mutation
 j - 3 potions of heal wounds
 k - a potion of haste {unknown}
 l - 3 potions of magic
 o - a potion of attraction {unknown}
 q - a potion of brilliance {unknown}
 r - a potion of berserk rage {unknown}
 s - 2 potions of ambrosia {unknown}
 t - a potion of resistance {unknown}


   Skills:
 + Level 6.7 Fighting
 + Level 7.0 Axes
 + Level 5.0 Armour
 - Level 4.0 Shields


You had 7 spell levels left.
You didn't know any spells.
Your spell library contained the following spells:

 Spells                   Type           Power      Damage    Failure   Level
 Lesser Beckoning         Tloc           0%         N/A       90%         2
 Dazzling Flash           Conj/Hex       0%         N/A       99%         3
 Gell's Gravitas          Tloc           0%         N/A       99%         3
 Teleport Other           Tloc           0%         N/A       99%         3
 Volatile Blastmotes      Fire/Tloc      0%         2d10      99%         3
 Starburst                Conj/Fire      0%         6d3       100%        6
 Maxwell's Capacitive Co  Air            0%         ∞         100%        8


Dungeon Overview and Level Annotations

Branches:
Dungeon (6/15)             Temple (1/1) D:5

Altars:
Ashenzari
Cheibriados
Dithmenos
Elyvilon
Fedhas
Gozag
Hepliaklqana
Kikubaaqudgha
Okawaru
Sif Muna
Trog
Uskayaw
Vehumet
Xom
Zin


Innate Abilities, Weirdness & Mutations

You cannot be hasted, slowed, berserked, paralysed or teleported.
You can dig through walls and to a lower floor.
You have a pair of large antennae on your head. (SInv)
Your four strong arms can wield two-handed weapons with a shield.


Message History

Beogh smites you! The orc warrior barely misses you.
You block the adder's attack.
You hit the adder.
You kill the adder!
The orc warrior hits you from afar with a +0 halberd.
You slash the orc!
You kill the orc!
The orc warrior hits you from afar with a +0 halberd.
Unknown command.
You hit the orc priest.
The orc priest is moderately wounded.
The orc warrior closely misses you.
The orc priest hits you but does no damage.
The orc warrior hits you from afar with a +0 halberd!
* * * LOW HITPOINT WARNING * * *
You slash the orc priest!
The orc priest is heavily wounded.
You slash the orc priest!
You kill the orc priest!
The orc priest hits you but does no damage.
You block the orc warrior's attack.
You slash the orc priest!
You kill the orc priest!
The orc warrior hits you from afar with a +0 halberd.
* * * LOW HITPOINT WARNING * * *
Your Axes skill increases to level 7!
Your Armour skill increases to level 5!
Unknown command.
The orc warrior barely misses you.
There is an open door, spattered with blood here.
Items here: ))) [.
You feel much better.
The orc warrior hits you with a +0 halberd!
* * * LOW HITPOINT WARNING * * *
You hit the orc warrior but do no damage.
The orc warrior misses you.
You hit the orc warrior but do no damage.
The orc warrior hits you with a +0 halberd!
* * * LOW HITPOINT WARNING * * *
The orc warrior hits you with a +0 halberd!
You die...

..##..#.)..##..##{
{
..#####....'....#
..# ##..##....#
..# +#####..####
..# ##'#..## #.#
##.†..# #.# { {
+....# .## {{
##.)## .# { #@##
.#{ #o.# ## {{
#.... +..[.#{
##..## { ####


You could see an orc warrior.

Vanquished Creatures
  Duvessa (D:4)
  A black bear (D:5)
  An ice beast (D:6)
  2 scorpions
  A wight (D:6)
  Dowan (D:4)
  A bombardier beetle (D:6)
  2 hounds (D:5)
  A jelly (D:4)
  4 orc priests
  A sleepcap (D:5)
  An iguana (D:6)
  Robin (D:3)
  10 adders
  A white imp (D:5)
  A ribbon worm (D:2)
  5 dart slugs
  17 orcs
  3 bats
  6 endoplasms
  2 giant cockroaches
  16 goblins
  6 hobgoblins
  2 jackals (D:1)
  2 quokkas
  5 ball pythons
  2 frilled lizards
  8 kobolds
  5 rats
109 creatures vanquished.

Notes
Turn   | Place    | Note
-------+----------+-------------------------------------------
     0 | D:1      | lonewolfV2 the Formicid Fighter began the quest for the
                  | Orb.
     0 | D:1      | Reached XP level 1. HP: 18/18 MP: 1/1
   120 | D:1      | Reached XP level 2. HP: 22/24 MP: 2/2
   201 | D:1      | Found a faded altar of an unknown god.
   605 | D:1      | Reached XP level 3. HP: 30/30 MP: 3/3
   715 | D:1      | Reached skill level 3 in Axes
   819 | D:2      | Found a shimmering blue altar of Sif Muna.
  1454 | D:3      | Reached XP level 4. HP: 37/37 MP: 4/4
  1496 | D:3      | Reached skill level 4 in Axes
  1557 | D:3      | Reached XP level 5. HP: 27/42 MP: 5/5
  1843 | D:3      | Noticed Robin
  1849 | D:3      | Killed Robin
  3069 | D:4      | Reached XP level 6. HP: 44/49 MP: 6/6
  3202 | D:4      | Noticed Dowan
  3202 | D:4      | Noticed Duvessa
  3217 | D:4      | Killed Duvessa
  3218 | D:4      | Reached skill level 5 in Fighting
  3218 | D:4      | Reached skill level 5 in Axes
  3222 | D:4      | HP: 1/51 [Dowan/puff of flame (7)]
  3224 | D:4      | Killed Dowan
  4125 | D:5      | Entered Level 5 of the Dungeon
  4127 | D:5      | Noticed a black bear
  4134 | D:5      | Killed a black bear
  4135 | D:5      | Reached skill level 6 in Axes
  4135 | D:5      | Reached XP level 7. HP: 35/56 MP: 7/7
  4900 | D:5      | Found a staircase to the Ecumenical Temple.
  4945 | Temple   | Entered the Ecumenical Temple
  5529 | D:6      | Reached XP level 8. HP: 61/64 MP: 8/8
  6112 | D:6      | Reached skill level 7 in Axes
  6112 | D:6      | Reached skill level 5 in Armour
  6115 | D:6      | Slain by an orc warrior

Illustrated notes

Levels and vault maps discovered:
D:1:      nagdon_arrival_double_spiral, layout_loops_ring,
          shapermc_ecumenical_altar_pompeii, minmay_small_reverse_x
D:2:      layout_loops_ring, basic_altar, minmay_liquid_box
D:3:      layout_basic, kennysheep_generic_room_11, uniq_robin
D:4:      layout_rooms, serial_co_window_serial, co_window_of_opportunity_a,
          co_window_paths_b, co_window_paths_b, co_window_corner_a,
          co_window_corner_a, co_window_cross_1, co_window_2corner,
          co_window_unsneaky_path_a, co_window_corner_cb, co_window_corner_b,
          co_window_corner_cb, glass_columns_a, glass_columns_a,
          glass_columns_c, glass_columns_a, glass_columns_b, uniq_duvessa
D:5:      layout_basic, temple_pool_b, serial_rivers,
          chequers_serial_rivers_micro_a, chequers_serial_rivers_micro_a,
          chequers_serial_rivers_micro_e, chequers_serial_rivers_micro_d,
          kennysheep_doodads
D:6:      minmay_bubble_buster, layout_gridville, serial_shops,
          nicolae_shop_real_fake_doors, corexii_leaking_fountain,
          minmay_fountain_box, nicolae_hexahallways
Temple:   bh_familiar_temple

Skill      XL: |  1  2  3  4  5  6  7  8 |
---------------+-------------------------+-----
Axes           | 3 4 6 7 |  7.0
Fighting       | 4 5 6 |  6.7
Armour         | 4 5 |  5.0
Shields        | |  4.0

Action                     |  1- 3 |  4- 6 |  7- 9 || total
---------------------------+-------+-------+-------++-------
  Melee: War axe           |    84 |   110 |   106 ||   300
    Use: Scroll            |     2 |    10 |     1 ||    13
         Potion            |       |     2 |     1 ||     3
 Armour: Scale mail        |    48 |   108 |    75 ||   231
  Dodge: Dodged            |    55 |    51 |    60 ||   166
  Block: Buckler           |    26 |    33 |    35 ||    94
